 Dungeon Crawl Stone Soup version 0.20-a0-463-g5747544 (webtiles) character file.

10441 mopl the Martial Artist (level 11, -5/85 HPs)
             Began as a Barachian Transmuter on Jan 10, 2017.
             Was a High Priest of Cheibriados.
             Slain by a crocodile (13 damage)
             ... on level 11 of the Dungeon.
             The game lasted 00:24:12 (11571 turns).

mopl the Martial Artist (Barachian Transmuter)     Turns: 11571, Time: 00:24:13

Health: -5/85      AC:  2    Str: 22    XL:     11   Next: 62%
Magic:  13/16      EV: 30    Int: 29    God:    Cheibriados [*****.]
Gold:   656        SH:  0    Dex: 31    Spells: 1/16 levels left

rFire  . . .     SeeInvis .       - Unarmed
rCold  . . .     Gourm    .     (armour currently unavailable)
rNeg   + . .     Faith    +     (shield currently unavailable)
rPois  x         Spirit   .     (helmet currently unavailable)
rElec  .         Reflect  .     (cloak currently unavailable)
rCorr  +         Harm     .     (gloves currently unavailable)
MR     .....                    (boots currently unavailable)
Stlth  ++........               x - amulet of faith {!P}
                                S - ring of positive energy
                                r - ring of resist corrosion

@: spider-form, repel missiles, very slow
A: swims, (slowness 0), (strong legs 0)
a: End Transformation, Bend Time, Temporal Distortion, Slouch, Step From Time,
Renounce Religion


You were on level 11 of the Dungeon.
You worshipped Cheibriados.
Cheibriados was extremely pleased with you.
You were not hungry.
You were a venomous arachnid creature.
You visited 2 branches of the dungeon, and saw 12 of its levels.

You collected 656 gold pieces.

Inventory:

Hand Weapons
 w - a +0 blowgun
Missiles
 a - 173 arrows
 g - 319 stones (quivered)
 s - 14 tomahawks
 y - 8 javelins
 G - 2 throwing nets
 H - 16 poisoned needles
Armour
 e - a +0 buckler
 h - a +1 pair of gloves (melded)
 C - a +0 cloak (melded)
 D - the cursed +0 leather armour of the Morning Star (melded) {rC++ SInv Stlth+}
   (You found it on level 6 of the Dungeon)

   It greatly protects you from cold.
   It lets you see invisible.
   It makes you more stealthy.
   It has a curse placed upon it.
 Q - a +1 ring mail of magic resistance
 V - a +0 troll leather armour
Jewellery
 r - a ring of resist corrosion (left front leg)
 x - an amulet of faith (around neck) {!P}
 S - a ring of positive energy (right front leg)
Wands
 z - a wand of paralysis (2/24)
 K - a wand of polymorph (14/24)
 O - a wand of confusion (35/48)
Scrolls
 b - a scroll of fog {unknown}
 f - 4 scrolls of magic mapping
 j - 4 scrolls of noise {unknown}
 m - a scroll of blinking {unknown}
 o - 7 scrolls of remove curse
 p - 3 scrolls of fear {unknown}
 t - a scroll of recharging
 F - 2 scrolls of identify
 I - a scroll of amnesia {unknown}
 J - 2 scrolls of teleportation {unknown}
 R - a scroll of immolation {unknown}
Potions
 i - a potion of brilliance
 k - 6 potions of flight
 l - 2 potions of curing
 q - 3 potions of resistance
 u - 2 potions of cancellation
 B - a potion of magic
 E - 2 potions of heal wounds
 P - a potion of cure mutation {!q}
 T - 2 potions of lignification {!q}
 U - a potion of invisibility
 Y - a potion of agility
Books
 c - a book of Changes

   Spells                             Type                      Level
   a - Beastly Appendage              Transmutation                1
   b - Sticks to Snakes               Transmutation                2
   c - Spider Form                    Transmutation/Poison         3
   d - Ice Form                       Ice/Transmutation            4
   e - Blade Hands                    Transmutation                5
 A - a book of Minor Magic

   Spells                             Type                      Level
   a - Magic Dart                     Conjuration                  1
   b - Blink                          Translocation                2
   c - Call Imp                       Summoning                    2
   d - Repel Missiles                 Charms/Air                   2
   e - Slow                           Hexes                        2
   f - Conjure Flame                  Conjuration/Fire             3
   g - Mephitic Cloud                 Conjuration/Poison/Air       3
 M - a book of Party Tricks

   Spells                             Type                      Level
   a - Summon Butterflies             Summoning                    1
   b - Apportation                    Translocation                1
   c - Lesser Beckoning               Translocation                3
   d - Tukima's Dance                 Hexes                        3
   e - Alistair's Intoxication        Transmutation/Poison         5
   f - Invisibility                   Hexes                        6
Comestibles
 d - 4 bread rations
 n - 8 meat rations
 v - 2 slices of pizza
 L - 7 royal jellies
 N - 2 beef jerkies
 W - a chunk of flesh
 X - 3 fruits


   Skills:
 + Level 7.6 Fighting
 + Level 7.0 Dodging
 * Level 11.6 Unarmed Combat
 - Level 3.0 Spellcasting
 - Level 2.4 Translocations
 + Level 6.0 Transmutations
 - Level 3.0 Ice Magic
 - Level 2.0 Poison Magic
 + Level 7.1 Invocations


You had one spell level left.
You knew the following spells:

 Your Spells              Type           Power        Failure   Level  Hunger
a - Beastly Appendage     Tmut           #####.       4%          1    None
b - Spider Form           Tmut/Pois      ####......   17%         3    ###....
d - Ice Form              Ice/Tmut       ####....     32%         4    ####...
e - Blink                 Tloc           N/A          14%         2    #......
i - Repel Missiles        Chrm/Air       #.....       32%         2    #......
n - Summon Butterflies    Summ           #.......     24%         1    None
w - Sticks to Snakes      Tmut           #####...     4%          2    #......


Dungeon Overview and Level Annotations

Branches:
Dungeon (11/15)            Temple (1/1) D:4            Lair (0/6) D:11
    Orc: D:9-12

Altars:
Cheibriados
Dithmenos
Elyvilon
Gozag
Hepliaklqana
Makhleb
Nemelex Xobeh
Okawaru
Qazlal
Ru
Sif Muna
Trog
Uskayaw
Vehumet
Xom
Yredelemnul
Zin
The Shining One


Innate Abilities, Weirdness & Mutations

You can swim through water.
((You cover ground slowly.))
((You can hop short distances.))


Message History

You are too injured to fight recklessly!
Casting: Spider Form
Confirm with . or Enter, or press ? or * to list all spells.
You turn into a venomous arachnid creature.
Your +0 cloak melds into your body.
Your +1 pair of gloves melds into your body.
The cursed +0 leather armour of the Morning Star {rC++ SInv Stlth+} melds into your body.
The basilisk hisses angrily.
The crocodile bites you!
* * * LOW HITPOINT WARNING * * *
Unknown command.
You bite the crocodile!
The crocodile is poisoned.
The crocodile is heavily wounded.
The crocodile bites you!
* * * LOW HITPOINT WARNING * * *
You hit the crocodile.
The crocodile looks as sick as possible!
The crocodile is severely wounded.
The crocodile bites you!
You die...

#..... ######.#.#
###........#
#.####..........# #
..........<....## .#
..###......##...##..#
#......(.##.[.....#
#.#.####.####.##.## #
#. #s# #..# #
#.#.####t#####)#.####
#...................#
####[†...........##.#
#....P......?..#
#..P..............#
#....P...PPP..P......
PP..P..P.P..PP...P.##.#
P..P........PP....>. #


You could see a crocodile.

Vanquished Creatures
  A two-headed ogre (D:10)
  2 unseen horrors
  The ghost of mopl the Insei, a novice BaTm (D:4)
  A queen bee (D:8)
  2 trolls
  A hornet (D:7)
  Prince Ribbit (D:7)
  The ghost of mopl the Insei, an amateur BaTm (D:5)
  3 hippogriffs
  5 yaks (D:10)
  Grum (D:9)
  2 porcupines (D:11)
  A phantom (D:10)
  3 black bears
  5 ice beasts
  2 orc warriors
  5 ogres
  A necrophage (D:6)
  3 centaurs
  An eye of draining (D:8)
  2 wolves (D:9)
  2 big kobolds
  10 bullfrogs
  A gnoll sergeant (D:7)
  20 killer bees
  4 scorpions
  3 wights (D:10)
  5 howler monkeys
  2 crimson imps
  A centaur zombie (D:9)
  2 quasits
  2 hounds
  2 jellies
  3 orc priests
  3 orc wizards
  A bullfrog skeleton (D:4)
  2 centaur skeletons
  An iguana (D:6)
  10 worker ants
  A hound skeleton (D:8)
  A hound zombie (D:7)
  A howler monkey zombie (D:10)
  A howler monkey skeleton (D:4)
  20 gnolls
  11 adders
  A shadow imp (D:6)
  An ooze (D:4)
  2 adder skeletons
  3 worms
  A dart slug (D:1)
  3 leopard geckos
  25 orcs
  4 giant cockroaches
  7 goblins
  7 hobgoblins
  6 jackals
  14 kobolds
  2 quokkas (D:6)
  8 bats
  2 frilled lizards
  A leopard gecko skeleton (D:5)
  A leopard gecko zombie (D:5)
  6 rats
247 creatures vanquished.

Vanquished Creatures (collateral kills)
  A killer bee (D:8)
  A gnoll (D:1)
2 creatures vanquished.

Vanquished Creatures (others)
  25 fungi (D:11)
  6 plants (D:11)
31 creatures vanquished.

Grand Total: 280 creatures vanquished

Notes
Turn   | Place    | Note
-------+----------+-------------------------------------------
     0 | D:1      | mopl the Barachian Transmuter began the quest for the Orb.
     0 | D:1      | Reached XP level 1. HP: 15/15 MP: 3/3
   463 | D:1      | Reached XP level 2. HP: 21/21 MP: 3/5
   496 | D:1      | Learned a level 2 spell: Sticks to Snakes
   923 | D:1      | Reached XP level 3. HP: 10/26 MP: 2/6
   928 | D:1      | Learned a level 3 spell: Spider Form
  1556 | D:2      | Reached skill level 4 in Unarmed Combat
  1575 | D:2      | Reached skill level 1 in Poison Magic
  1578 | D:2      | Reached XP level 4. HP: 25/32 MP: 0/7
  2258 | D:3      | Reached skill level 3 in Transmutations
  2258 | D:3      | Reached XP level 5. HP: 11/37 MP: 2/8
  3157 | D:3      | Reached skill level 2 in Poison Magic
  3310 | D:3      | Noticed a centaur
  3320 | D:3      | Killed a centaur
  3320 | D:3      | Reached skill level 5 in Unarmed Combat
  3320 | D:3      | Reached XP level 6. HP: 15/43 MP: 5/9
  3466 | D:3      | Learned a level 2 spell: Blink
  3624 | D:4      | Reached skill level 4 in Transmutations
  3937 | D:4      | Reached skill level 6 in Unarmed Combat
  4047 | D:4      | Found a stormy altar of Qazlal.
  4069 | D:4      | Reached skill level 1 in Translocations
  4078 | D:4      | Reached XP level 7. HP: 48/48 MP: 4/10
  4149 | D:4      | Noticed mopl's ghost (novice BaTm)
  4216 | D:4      | Killed mopl's ghost
  4216 | D:4      | Reached skill level 3 in Spellcasting
  4216 | D:4      | Reached skill level 2 in Translocations
  4369 | D:4      | Learned a level 4 spell: Ice Form
  4438 | D:4      | Reached skill level 7 in Unarmed Combat
  4461 | D:4      | Found a staircase to the Ecumenical Temple.
  4471 | Temple   | Entered the Ecumenical Temple
  4503 | Temple   | Became a worshipper of Cheibriados the Contemplative
  4654 | D:4      | Found a deep blue altar of Sif Muna.
  4714 | D:5      | Entered Level 5 of the Dungeon
  4793 | D:5      | Noticed mopl's ghost (amateur BaTm)
  4806 | D:5      | Killed mopl's ghost
  4806 | D:5      | Reached skill level 1 in Invocations
  4806 | D:5      | Reached XP level 8. HP: 38/56 MP: 12/12
  4970 | D:5      | Reached skill level 2 in Fighting
  5044 | D:5      | Reached skill level 3 in Dodging
  5045 | D:5      | Reached * piety under Cheibriados
  5057 | D:5      | Reached skill level 2 in Invocations
  5395 | D:6      | Reached skill level 8 in Unarmed Combat
  5469 | D:6      | Found a stormy altar of Qazlal.
  5489 | D:6      | Found a glowing silver altar of Zin.
  5490 | D:6      | Found a shimmering altar of Xom.
  5545 | D:6      | Reached skill level 3 in Fighting
  5755 | D:6      | Got a spiked leather armour
  5844 | D:6      | Identified the cursed +0 leather armour of the Morning Star {rC++ SInv Stlth+} (You found it on level 6 of the Dungeon)
  6005 | D:6      | Reached skill level 3 in Invocations
  6005 | D:6      | Reached XP level 9. HP: 64/64 MP: 9/13
  6250 | D:6      | Reached ** piety under Cheibriados
  6413 | D:7      | Reached skill level 4 in Dodging
  6518 | D:7      | Noticed a hornet
  6833 | D:8      | Reached skill level 9 in Unarmed Combat
  6843 | D:7      | Reached *** piety under Cheibriados
  6843 | D:7      | Reached skill level 4 in Fighting
  7164 | D:8      | Reached skill level 4 in Invocations
  7491 | D:8      | Reached skill level 5 in Dodging
  7497 | D:8      | Reached skill level 5 in Fighting
  7749 | D:8      | Reached **** piety under Cheibriados
  7788 | D:8      | Reached XP level 10. HP: 48/74 MP: 9/14
  7794 | D:8      | Reached skill level 10 in Unarmed Combat
  7794 | D:8      | Reached skill level 5 in Invocations
  7901 | D:8      | HP: 2/74 [killer bee (7)]
  8354 | D:8      | Reached skill level 1 in Ice Magic
  8495 | D:8      | Learned a level 2 spell: Repel Missiles
  8587 | D:8      | Reached ***** piety under Cheibriados
  8616 | D:8      | Learned a level 1 spell: Summon Butterflies
  8844 | D:7      | Reached skill level 2 in Ice Magic
  8846 | D:7      | Noticed Prince Ribbit
  8850 | D:7      | Killed Prince Ribbit
  8857 | D:7      | Found a sacrificial altar of Ru.
  8959 | D:7      | Reached skill level 6 in Fighting
  9448 | D:9      | Noticed Grum
  9465 | D:9      | Killed Grum
  9676 | D:9      | Found a burning altar of Makhleb.
  9680 | D:9      | Reached skill level 6 in Dodging
  9761 | D:9      | Reached skill level 3 in Ice Magic
 10003 | D:9      | Reached skill level 5 in Transmutations
 10003 | D:9      | Reached skill level 6 in Invocations
 10264 | D:10     | Entered Level 10 of the Dungeon
 10383 | D:10     | Reached XP level 11. HP: 69/83 MP: 9/15
 10395 | D:10     | Reached skill level 11 in Unarmed Combat
 10432 | D:10     | Reached skill level 7 in Fighting
 11009 | D:10     | Noticed a two-headed ogre
 11018 | D:10     | Killed a two-headed ogre
 11190 | D:10     | Noticed an unseen horror
 11209 | D:10     | Killed an unseen horror
 11353 | D:11     | Noticed an unseen horror
 11370 | D:11     | Killed an unseen horror
 11390 | D:11     | Reached skill level 7 in Invocations
 11400 | D:11     | Noticed a cyclops
 11419 | D:11     | Reached skill level 6 in Transmutations
 11561 | D:11     | Reached skill level 7 in Dodging
 11564 | D:11     | Found a staircase to the Lair.
 11571 | D:11     | Slain by a crocodile

Vault maps used:
D:1:      elethiomel_arrival_infinity_welcomes_careful_drivers
D:2:      minmay_surrounded
D:4:      lemuel_blue_sif_altar, first_bread, st_stairs_9, grunt_qazlal_clouds
D:6:      gammafunk_temple_overflow_forgotten
D:7:      old_standard_altar, uniq_prince_ribbit1
D:8:      david_nohive_1
D:9:      bloody_makhleb, uniq_grum
D:11:     due_lair_maze_entry_diamond, zombieorc2_lemuel, special_room,
          lightli_elemental_guards
Temple:   nicolae_temple_elliptical

Skill      XL: |  1  2  3  4  5  6  7  8  9 10 11 |
---------------+----------------------------------+-----
Unarmed Combat | 4 5 6 7 8 9 10 11 | 11.6
Poison Magic   | 1 2 |  2.0
Transmutations | 3 4 5 6 |  6.0
Translocations | 1 2 |  2.4
Spellcasting   | 3 |  3.0
Invocations    | 1 3 4 6 7 |  7.1
Fighting       | 3 5 6 7 |  7.6
Dodging        | 3 5 6 7 |  7.0
Ice Magic      | 3 |  3.0

Action                   |  1- 3 |  4- 6 |  7- 9 | 10-12 || total
-------------------------+-------+-------+-------+-------++-------
Melee: Unarmed           |    93 |   188 |   337 |   331 ||   949
       Punch             |     1 |     2 |     6 |    10 ||    19
       Kick              |     3 |     2 |     4 |    15 ||    24
       Headbutt          |     2 |       |       |     1 ||     3
 Cast: Beastly Appendage |     9 |     6 |     3 |     4 ||    22
       Sticks to Snakes  |     1 |       |       |     5 ||     6
       Spider Form       |     3 |    13 |    27 |    19 ||    62
       Repel Missiles    |       |       |       |     1 ||     1
       Ice Form          |       |       |       |     1 ||     1
       Summon Butterflie |       |       |       |     1 ||     1
Invok: Slouch            |       |       |       |     2 ||     2
 Abil: End Transformatio |       |       |     2 |     1 ||     3
Evoke: Wand              |       |       |     6 |       ||     6
  Use: Scroll            |       |     5 |     6 |     5 ||    16
       Potion            |       |       |     5 |     1 ||     6
 Stab: Sleeping          |     1 |       |     1 |     3 ||     5
       Paralysed         |       |       |    27 |       ||    27
       Distracted        |       |       |     1 |     3 ||     4
  Eat: Chunk             |     3 |    11 |     9 |    10 ||    33
       Pizza             |       |       |     1 |       ||     1
Armor: Robe              |    22 |    18 |    15 |       ||    55
       Skin              |     1 |     2 |    52 |     3 ||    58
       Leather armour    |       |       |    11 |    38 ||    49
Dodge: Dodged            |    57 |   131 |   254 |   316 ||   758
